 Dungeon Crawl Stone Soup version 0.21.0-22-g11d5b52 (webtiles) character file.

109 Gruud the Grave Robber (level 4, -5/30 HPs)
             Began as a Demonspawn Necromancer on Jan 18, 2018.
             Killed by divine providence
             ... invoked by an orc priest
              (14 damage)
             ... on level 3 of the Dungeon.
             The game lasted 00:08:09 (2152 turns).

Gruud the Grave Robber (Demonspawn Necromancer)     Turns: 2152, Time: 00:08:10

Health: -5/30      AC:  8    Str:  9    XL:     4   Next: 59%
Magic:  15/16      EV: 10    Int: 14    God:
Gold:   110        SH:  0    Dex: 13    Spells: 2/7 levels left

rFire    . . .     SeeInvis .   a - +2 dagger (speed)
rCold    + . .     Gourm    .   (no shield)
rNeg     . . .     Faith    .   i - +0 ring mail (curse)
rPois    .         Spirit   .   (no helmet)
rElec    .         Reflect  .   (no cloak)
rCorr    .         Harm     .   j - -2 pair of gloves (curse)
MR       .....                  m - +1 pair of boots
Stlth    +.........             (no amulet)
HPRegen  0.10/turn              o - ring of magical power
MPRegen  0.15/turn              t - -3 ring of intelligence (curse)

@: no status effects
A: slimy green scales 1, cold resistance 1, powered by death 1
a: no special abilities


You were on level 3 of the Dungeon.
You were not hungry.

You visited 1 branch of the dungeon, and saw 3 of its levels.

You collected 110 gold pieces.

Inventory:

Hand Weapons
 a - a +2 dagger of speed (weapon)
 b - a +0 hunting sling
 h - a +0 hand axe
 k - a +2 dagger of protection
 B - a +0 long sword
Missiles
 s - 7 tomahawks (quivered)
 C - 38 sling bullets
Armour
 d - a +0 robe
 i - a cursed +0 ring mail (worn)
 j - a cursed -2 pair of gloves (worn)
 m - a +1 pair of boots (worn)
 n - a +0 buckler
 y - a +0 shield
Jewellery
 o - a ring of magical power (left hand)
 t - a cursed -3 ring of intelligence (right hand)
Wands
 w - a wand of acid (9)
Scrolls
 g - a scroll of enchant armour
 r - a scroll of amnesia
Potions
 e - 5 potions of curing
 f - a potion of mutation {unknown}
 p - a potion of resistance {unknown}
 q - a potion of lignification {unknown}
 v - 2 potions of ambrosia
 x - 2 potions of heal wounds
Books
 l - a book of Necromancy

   Spells                             Type                      Level
   a - Pain                           Necromancy                   1
   b - Animate Skeleton               Necromancy                   1
   c - Vampiric Draining              Necromancy                   3
   d - Regeneration                   Charms/Necromancy            3
   e - Animate Dead                   Necromancy                   4
   f - Borgnjor's Vile Clutch         Necromancy/Earth             5
Comestibles
 c - 5 rations
 u - a chunk of flesh


   Skills:
 - Level 1.7 Dodging
 - Level 1.7 Stealth
 - Level 2.0 Spellcasting
 * Level 6.6 Necromancy


You had 2 spell levels left.
You knew the following spells:

 Your Spells              Type           Power        Failure   Level  Hunger
a - Pain                  Necr           ###.         4%          1    ##.....
b - Animate Skeleton      Necr           N/A          4%          1    ##.....
c - Vampiric Draining     Necr           ###.......   13%         3    ####...


Dungeon Overview and Level Annotations

Branches:
Dungeon (3/15)

Altars:


Innate Abilities, Weirdness & Mutations

You are partially covered in slimy green scales. (AC +2)
Your flesh is cold resistant. (rC+)
You regenerate a little health from kills.


Message History

Evoke which item? (* to show all) (? for menu, Esc to quit)
Aiming: Corrosive Bolt
Press: ? - help, Shift-Dir - straight line, p - Jessica The bolt of acid hits Jessica.
Jessica is splashed with acid.
The acid corrodes Jessica!
You kill Jessica!
The bolt of acid hits the orc.
The orc is splashed with acid.
You kill the orc!
The adder hisses angrily.
Some of the chunks of flesh in your inventory have rotted away.
The bat hits you but does no damage. The bat misses you.
The bat hits you but does no damage. The bat hits you but does no damage.
The bat hits you but does no damage.
You see here 3 inedible chunks of flesh.
The bat closely misses you.
The orc priest invokes the aid of Beogh against you.
Beogh smites you!
You die...

# #.. #.#### #.#..# #
######.#..# #.
#......#..# ###..
#......#..# .
......###......#@(#....
......)).o..S..b.....>..
.......##.........#.....
....... #.....##### ....
...###. #.....# ... ..
#. #.....# .. . ..
#.....# . .. #.....# ..
###.###


You could see an orc priest, an adder and a bat.

Vanquished Creatures
  Jessica (D:3)
  2 adders
  A worm (D:2)
  2 dart slugs
  2 leopard geckos
  An orc (D:3)
  3 giant cockroaches
  4 goblins
  9 hobgoblins
  7 jackals
  A quokka (D:3)
  9 bats
  5 frilled lizards
  2 kobolds (D:3)
  A rat (D:2)
50 creatures vanquished.

Vanquished Creatures (collateral kills)
  A jackal (D:1)
  A frilled lizard (D:2)
  A rat (D:2)
3 creatures vanquished.

Grand Total: 53 creatures vanquished

Notes
Turn   | Place    | Note
-------+----------+-------------------------------------------
     0 | D:1      | Gruud the Demonspawn Necromancer began the quest for the Orb.
     0 | D:1      | Reached XP level 1. HP: 13/13 MP: 3/3
     2 | D:1      | Learned a level 1 spell: Animate Skeleton
   276 | D:1      | Gained mutation: You regenerate a little health from kills. [demonic ancestry]
   276 | D:1      | Reached XP level 2. HP: 15/19 MP: 1/5
   369 | D:1      | Reached skill level 5 in Necromancy
  1348 | D:2      | Gained mutation: You are partially covered in slimy green scales. (AC +2) [demonic ancestry]
  1348 | D:2      | Reached XP level 3. HP: 22/24 MP: 6/6
  1469 | D:2      | Learned a level 3 spell: Vampiric Draining
  1873 | D:2      | Reached skill level 6 in Necromancy
  2020 | D:3      | Gained mutation: Your flesh is cold resistant. (rC+) [demonic ancestry]
  2020 | D:3      | Reached XP level 4. HP: 29/30 MP: 7/7
  2133 | D:3      | Noticed Jessica
  2146 | D:3      | Killed Jessica
  2152 | D:3      | Killed from afar by an orc priest

Skill      XL: |  1  2  3 |
---------------+----------+-----
Necromancy     | 5 6 |  6.6
Dodging        | |  1.7
Stealth        | |  1.7
Spellcasting   | |  2.0

Action                   |  1- 3 |  4- 6 || total
-------------------------+-------+-------++-------
Melee: Dagger            |   111 |     8 ||   119
 Cast: Pain              |    24 |     9 ||    33
       Animate Skeleton  |    14 |     3 ||    17
Evoke: Wand              |       |     1 ||     1
  Use: Potion            |     1 |       ||     1
       Scroll            |     7 |       ||     7
 Stab: Sleeping          |     6 |     1 ||     7
  Eat: Chunk             |     4 |     1 ||     5
Armor: Robe              |    32 |       ||    32
       Ring mail         |       |    10 ||    10
Dodge: Dodged            |    56 |    10 ||    66
